 Dungeon Crawl Stone Soup version 0.30-a0-946-gec5dcfc036 (webtiles) character file.

Game seed: 16177659486651886776

120 tilp the Cudgeller (level 5, -2/34 (46) HPs)
             Began as a Meteoran Reaver on Mar 27, 2023.
             Was an Initiate of Dithmenos.
             Slain by Ijyb
             ... wielding a +0 spectral club
              (3 damage)
             ... on level 4 of the Dungeon.
             The game lasted 00:04:28 (687 turns).

tilp the Cudgeller (Meteoran Reaver)                 Turns: 687, Time: 00:04:28

HP:   -2/34 (46)    AC:  4    Str: 13    XL:     5   Next: 50%
MP:   10/10         EV: 12    Int: 16    God:    Dithmenos [......]
Gold: 163           SH:  0    Dex: 13    Spells: 9/10 levels left

rFire   . . .      SeeInvis .    a - +0 mace
rCold   . . .      Faith    .    (no shield)
rNeg    . . .      Spirit   .    b - +0 leather armour
rPois   .          Reflect  .    (no helmet)
rElec   .          Rampage  .    l - +0 cloak
rCorr   .                        (no gloves)
Will    .....                    (no boots)
Stlth   +                        (no amulet)
HPRegen 0.25/turn                (no ring)
MPRegen 0.12/turn                (no ring)

@: glowing, very heavily drained
A: sense surroundings 1, otherworldly, glowing, explore regen
a: Renounce Religion


You were on level 4 of the Dungeon.
You worshipped Dithmenos.
Dithmenos was noncommittal.
You visited 1 branch of the dungeon, and saw 5 of its levels.

You collected 163 gold pieces.

Inventory:

Hand Weapons
 a - a +0 mace (weapon)
 k - a +4 quarterstaff of chaos
Missiles
 j - 2 boomerangs
Armour
 b - a +0 leather armour (worn)
 e - an orb of energy
 l - a +0 cloak (worn)
Scrolls
 d - a scroll of noise {unknown}
 f - 3 scrolls of vulnerability {unknown}
Potions
 c - 3 potions of brilliance {unknown}
 g - a potion of might {unknown}
 h - 2 potions of curing {unknown}
 i - a potion of heal wounds {unknown}


   Skills:
 + Level 4.0 Fighting
 - Level 4.0 Maces & Flails
 + Level 0.4 Throwing
 + Level 4.0 Dodging
 + Level 3.0 Spellcasting
 + Level 4.0 Conjurations
 + Level 0.2 Necromancy
 + Level 0.3 Invocations


You had 9 spell levels left.
You knew the following spells:

 Your Spells              Type           Power      Damage    Failure   Level
a - Kiss of Death         Conj/Necr      36%        2d8       10%         1

Your spell library contained the following spells:

 Spells                   Type           Power      Damage    Failure   Level
 Momentum Strike          Conj/Tloc      16%        3d8       16%         2
 Hailstorm                Conj/Ice       8%         3d4       30%         3


Dungeon Overview and Level Annotations

Branches:
Dungeon (5/15) Zot: 2287
 Temple: D:4-7

Altars:
Dithmenos
Elyvilon

Annotations:
D:2 Sigmund
D:4 Dowan; Duvessa; Ijyb; nago's ghost, amateur DjRe


Innate Abilities, Weirdness & Mutations

You passively map a small area around you.
You are easily found by Zot.
You glow in the dark.
You regain HP and MP as you explore.


Message History

Aiming: Kiss of Death (safe; 10% risk of failure)
Press: ? - help, Shift-Dir - straight line, f - Ijyb
Aim: Ijyb, wielding a +0 spectral club, wearing a +0 chain mail and carrying a wand of mindburst (18) (100% to hit)
The negative energy hits Ijyb.
Ijyb is drained!
Ijyb is lightly wounded.
You feel drained.
Ijyb drinks a potion.
Ijyb goes berserk!
Unknown command.
Unknown command.
You hit Ijyb but do no damage.
Ijyb is lightly wounded.
Ijyb hits you with a +0 spectral club.
You barely miss Ijyb.
Ijyb is lightly wounded.
Ijyb hits you with a +0 spectral club. Ijyb hits you but does no damage.
You barely miss Ijyb.
Ijyb is lightly wounded.
Ijyb hits you with a +0 spectral club. x2
You closely miss Ijyb.
Ijyb is lightly wounded.
Ijyb hits you with a +0 spectral club. Ijyb barely misses you.
You closely miss Ijyb.
Ijyb is lightly wounded.
Ijyb barely misses you. x2
You closely miss Ijyb.
Ijyb is lightly wounded.
Ijyb closely misses you.
You hit Ijyb but do no damage.
Ijyb is lightly wounded.
Ijyb misses you. Ijyb hits you with a +0 spectral club!
* * * LOW HITPOINT WARNING * * *
You closely miss Ijyb.
Ijyb is lightly wounded.
Ijyb hits you with a +0 spectral club!
* * * LOW HITPOINT WARNING * * *
Ijyb hits you with a +0 spectral club.
* * * LOW HITPOINT WARNING * * *
You hit Ijyb but do no damage.
Ijyb is lightly wounded.
Ijyb hits you with a +0 spectral club.
You die...

#.....#...# , , ,
#.....#...#......#,
#.....#...+.....$# **
#.....#'###......# ,
######.....#...#......#
#.....######...#......#
#.....#...#....#......#
*
#.....#...#....#......#
#.....'...#....@g.....#
#.....#...#....#......#
#.....##########?.....#
####### *#######


You could see Ijyb (berserk, very drained).

Vanquished Creatures
  A hound (D:4)
  An orc priest (D:3)
  Crazy Yiuf (D:4)
  2 dart slugs (D:4)
  4 orcs (D:3)
  An endoplasm (D:4)
  2 giant cockroaches
  2 goblins
  2 hobgoblins
  2 ball pythons (D:1)
  A bat (D:1)
  4 frilled lizards
  5 rats
28 creatures vanquished.

Vanquished Creatures (others)
  3 fungi
3 creatures vanquished.

Grand Total: 31 creatures vanquished

Notes
Turn   | Place    | Note
-------+----------+-------------------------------------------
     0 | D:1      | tilp the Meteoran Reaver began the quest for the Orb.
     0 | D:1      | Reached XP level 1. HP: 17/17 MP: 5/5
    48 | D:1      | Reached XP level 2. HP: 14/22 MP: 6/6
   140 | D:2      | Noticed Sigmund
   286 | D:3      | Found a shadowy altar of Dithmenos.
   302 | D:3      | Became a worshipper of Dithmenos the Shadowed
   369 | D:4      | Noticed nago's ghost (amateur DjRe)
   377 | D:4      | Found a white marble altar of Elyvilon.
   404 | D:4      | Reached XP level 3. HP: 29/30 MP: 8/8
   417 | D:3      | Reached XP level 4. HP: 30/38 MP: 7/9
   500 | D:4      | Found a runed translucent door.
   501 | D:4      | Noticed Crazy Yiuf
   507 | D:4      | Killed Crazy Yiuf
   508 | D:4      | Reached XP level 5. HP: 28/43 MP: 3/10
   525 | D:4      | Noticed Dowan
   526 | D:4      | Noticed Duvessa
   622 | D:5      | Entered Level 5 of the Dungeon
   627 | D:5      | Noticed an ice beast
   676 | D:4      | Noticed Ijyb
   686 | D:4      | HP: 1/34 [Ijyb/+0 spectral club (1)]
   687 | D:4      | Slain by Ijyb

Illustrated notes

Levels and vault maps discovered:
D:1:      minmay_arrival_wavy_path, layout_rooms, serial_co_window_serial,
          co_window_paths_a, co_window_paths_b, co_window_of_opportunity_a,
          co_window_cross_1, co_window_cross_1, co_window_of_opportunity_b,
          co_window_of_opportunity_c, co_window_broadway_c,
          co_window_broadway_b, co_window_broadway_b, co_window_2corner,
          glass_columns_c, glass_columns_b, glass_columns_c, glass_columns_c,
          glass_columns_a, hangedman_abyss_or_decor_lesser_grid,
          minmay_gold_behind_fungi
D:2:      layout_loops_ring, uniq_natasha, uniq_sigmund
D:3:      layout_basic, lemuel_tele_altar, nicolae_overflow_crystal_walls,
          serial_shops, shop
D:4:      layout_gridville, mainiacjoe_overflow_surrounded_room,
          makhleb_blood_cavern_becter, slow_altar_2,
          hellmonk_ghost_happy_afterlife, serial_shops, nicolae_lakefront_shop,
          uniq_duvessa, uniq_crazy_yiuf_cottage, uniq_ijyb
D:5:      layout_rooms, grunt_ashenzari_visionary
          [grunt_ashenzari_visionary_swamp, grunt_ashenzari_visionary_snake],
          nicolae_uskayaw_dance_hall, minmay_temple_entry_ruins

Skill      XL: |  1  2  3  4  5 |
---------------+----------------+-----
Spellcasting   | 3 |  3.0
Fighting       | 3 4 |  4.0
Dodging        | 3 4 |  4.0
Conjurations   | 4 |  4.0
Maces & Flails | |  4.0
Throwing       | |  0.4
Necromancy     | |  0.2
Invocations    | |  0.3

Action                     |  1- 3 |  4- 6 || total
---------------------------+-------+-------++-------
  Melee: Mace              |    57 |    56 ||   113
   Cast: Kiss of Death     |     2 |     3 ||     5
 Armour: Leather armour    |    11 |     9 ||    20
  Dodge: Dodged            |    29 |    30 ||    59

Table legend: (Time is in decaauts)
 A = Elapsed time spent in this place.
 B = Non-inter-level travel time spent in this place.
 C = Inter-level travel time spent in this place.
 D = Time resting spent in this place.
 E = Time spent auto-exploring this place.
 F = Levels seen in this place.
 G = Mean time per level.
                   A        B        C        D        E       F      G
               +--------+--------+--------+--------+--------+-----+--------+
         Total |    711 |    646 |     65 |      0 |      0 |   5 |  142.2 |
       Dungeon |    711 |    646 |     65 |      0 |      0 |   5 |  142.2 |
               +--------+--------+--------+--------+--------+-----+--------+

Top non-repeatable levels by time:
     D:4: 240 daAuts
     D:1: 200 daAuts
     D:3: 179 daAuts
     D:2: 70 daAuts
     D:5: 19 daAuts
